 Dungeon Crawl Stone Soup version 0.21.1-1-g345015f (webtiles) character file.

63 tidbits the Charmwright (level 4, -4/38 HPs)
             Began as a Gnoll Skald on June 19, 2018.
             Slain by an ogre
             ... wielding a +0 giant club
              (27 damage)
             ... on level 4 of the Dungeon.
             The game lasted 00:03:34 (317 turns).

tidbits the Charmwright (Gnoll Skald)                Turns: 317, Time: 00:03:34

Health: -4/38      AC:  5    Str: 14    XL:     4   Next: 9%
Magic:  1/11       EV: 14    Int: 16    God:
Gold:   36         SH:  0    Dex: 14    Spells: 2/13 levels left

rFire    . . .     SeeInvis .   a - +0 hand axe
rCold    . . .     Gourm    .   (no shield)
rNeg     . . .     Faith    .   b - +0 leather armour
rPois    .         Spirit   .   (no helmet)
rElec    .         Reflect  .   (no cloak)
rCorr    .         Harm     .   (no gloves)
MR       .....                  (no boots)
Stlth    +.........             (no amulet)
HPRegen  0.12/turn              h - +2 ring of protection
MPRegen  0.12/turn              (no ring)

@: very slightly contaminated
A: distributed training, fangs 1, strong nose
a: no special abilities


You were on level 4 of the Dungeon.
You were not hungry.

You visited 1 branch of the dungeon, and saw 4 of its levels.

You collected 36 gold pieces.

Inventory:

Hand Weapons
 a - a +0 hand axe (weapon)
 e - a +0 dagger
Missiles
 m - 4 tomahawks of returning (quivered)
Armour
 b - a +0 leather armour (worn)
Jewellery
 h - a +2 ring of protection (left hand)
   (You found it on level 1 of the Dungeon)
Scrolls
 g - 2 scrolls of identify {unknown}
 i - a scroll of blinking {unknown}
 j - a scroll of remove curse {unknown}
Potions
 f - 2 potions of brilliance {unknown}
 k - a potion of haste {unknown}
 l - a potion of might {unknown}
Books
 c - a book of Battle

   Spells                             Type                      Level
   a - Infusion                       Charms                       1
   b - Shroud of Golubria             Charms/Translocation         2
   c - Song of Slaying                Charms                       2
   d - Spectral Weapon                Hexes/Charms                 3
   e - Regeneration                   Charms/Necromancy            3
Comestibles
 d - 4 rations


   Skills:
 + Level 4.6 Fighting
 + Level 1.0 Short Blades
 + Level 1.0 Long Blades
 + Level 4.6 Axes
 + Level 1.0 Maces & Flails
 + Level 1.0 Polearms
 + Level 1.0 Staves
 + Level 1.0 Slings
 + Level 1.0 Bows
 + Level 1.0 Crossbows
 + Level 1.0 Throwing
 + Level 2.7 Armour
 + Level 4.6 Dodging
 + Level 1.0 Stealth
 + Level 1.0 Shields
 + Level 1.0 Unarmed Combat
 + Level 5.0 Spellcasting
 + Level 0.7 Conjurations
 + Level 0.7 Hexes
 + Level 5.4 Charms
 + Level 0.7 Summonings
 + Level 0.7 Necromancy
 + Level 0.7 Translocations
 + Level 0.7 Transmutations
 + Level 0.7 Fire Magic
 + Level 0.7 Ice Magic
 + Level 0.7 Air Magic
 + Level 0.7 Earth Magic
 + Level 0.7 Poison Magic
 + Level 1.1 Invocations
 + Level 1.0 Evocations


You had 2 spell levels left.
You knew the following spells:

 Your Spells              Type           Power        Failure   Level  Hunger
g - Shroud of Golubria    Chrm/Tloc      ##........   8%          2    #......
i - Infusion              Chrm           ###.         1%          1    None
r - Regeneration          Chrm/Necr      ##........   16%         3    ###....
w - Spectral Weapon       Hex/Chrm       ##......     16%         3    ###....
y - Song of Slaying       Chrm           ###.....     3%          2    #......


Dungeon Overview and Level Annotations

Branches:
Dungeon (4/15)
 Temple: D:4-7

Altars:


Innate Abilities, Weirdness & Mutations

Your experience applies equally to all skills.
You have very sharp teeth.
Your uncanny sense of smell can sniff out nearby items.


Message History

You hit the ooze.
The ooze is lightly wounded.
The ooze hits you.
You hit the ooze.
The ooze is heavily wounded.
The ooze hits you but does no damage.
You completely miss the ooze.
The ooze is heavily wounded.
The ooze hits you but does no damage.
You hit the ooze. Your bite misses the ooze.
The ooze is almost dead.
The ooze closely misses you.
You barely miss the ooze.
The ooze is severely wounded.
The ooze hits you but does no damage.
You slash the ooze!
You kill the ooze!
A bat comes into view.
Found 13 gold pieces.
You see here an adder corpse.
Found a stone staircase leading up.
You see here a tomahawk of returning.
You hit the bat.
You kill the bat!
m - 4 tomahawks of returning (gained 1)
A rat comes into view.
There is a stone staircase leading up here.
You climb upwards.
There is a stone staircase leading down here.
Unknown command.
You climb downwards.
There is a stone staircase leading up here.
Unknown command.
There is a stone staircase leading down here.
You climb downwards. 3 orcs and an orc wizard come into view.
The orc wizard shouts!
The orc shouts! x2; You hear an angry hiss.
You hear a shout!
There is a stone staircase leading up here.
Unknown command.
Casting: Infusion
Confirm with . or Enter, or press ? or * to list all spells.
You miscast Spectral Weapon.
You are very lightly contaminated with residual magic.
Multicoloured lights dance before your eyes!
The orc hits you.
Unknown command.
Casting: Spectral Weapon
Confirm with . or Enter, or press ? or * to list all spells.
You draw out your weapon's spirit!
The orc misses you.
You hit the orc.
The orc is severely wounded.
Your spectral weapon completely misses the orc.
You hit the orc.
You kill the orc!
You barely miss the orc.
Your spectral weapon hits the orc.
The orc barely misses your spectral weapon.
An adder comes into view.
You closely miss the orc.
The orc is moderately wounded.
Your spectral weapon hits the orc. x2; The orc barely misses you.
The orc misses your spectral weapon.
You hit the orc.
You kill the orc!
The orc closely misses your spectral weapon.
You hit the adder.
The adder is heavily wounded.
Your spectral weapon closely misses the adder.
Your spectral weapon hits the orc.
You kill the orc!
Your Short Blades skill increases to level 1!
Your Long Blades skill increases to level 1!
Your Maces & Flails skill increases to level 1!
Your Polearms skill increases to level 1!
Your Staves skill increases to level 1!
Your Slings skill increases to level 1!
Your Bows skill increases to level 1!
Your Crossbows skill increases to level 1!
Your Throwing skill increases to level 1!
Your Stealth skill increases to level 1!
Your Shields skill increases to level 1!
Your Unarmed Combat skill increases to level 1!
Your Evocations skill increases to level 1!
The adder bites you but does no damage. The adder barely misses you.
You barely miss the adder.
The adder is heavily wounded.
Your spectral weapon hits the adder.
The adder misses you.
You hit the adder.
You kill the adder!
You have reached level 4!
You feel stronger.
A hound and an ogre come into view.
The hound barks!
You hear a shout! x2
Things that are here:
a leather armour; an orc corpse You hit the orc wizard but do no damage.
You hit the ogre.
Your spectral weapon hits the orc wizard.
The ogre hits you with a giant club!!
Ouch! That really hurt!
You die...

#..# #..## .
#...
.8#######..#
.#.........#
...........##
#..........#
##....<†.#.....
##...(@## ###
####.oO......
##.h......
#......#.
##.......
.....## .......
#.....#


You could see an ogre, a hound, an orc wizard and a friendly spectral hand axe.

Vanquished Creatures
  2 adders
  2 oozes
  2 worms
  A dart slug (D:1)
  8 orcs
  2 bats
  A giant cockroach (D:2)
  A goblin (D:2)
  A hobgoblin (D:1)
  A frilled lizard (D:1)
  2 rats (D:2)
23 creatures vanquished.

Notes
Turn   | Place    | Note
-------+----------+-------------------------------------------
     0 | D:1      | tidbits the Gnoll Skald began the quest for the Orb.
     0 | D:1      | Reached XP level 1. HP: 20/20 MP: 6/6
   109 | D:1      | Reached XP level 2. HP: 26/26 MP: 3/7
   113 | D:1      | Learned a level 2 spell: Song of Slaying
   116 | D:1      | Learned a level 2 spell: Shroud of Golubria
   233 | D:3      | Reached XP level 3. HP: 17/31 MP: 0/9
   235 | D:3      | Reached skill level 5 in Spellcasting
   259 | D:3      | Learned a level 3 spell: Regeneration
   263 | D:3      | Learned a level 3 spell: Spectral Weapon
   277 | D:3      | Reached skill level 1 in Invocations
   313 | D:4      | Reached skill level 1 in Short Blades
   313 | D:4      | Reached skill level 1 in Long Blades
   313 | D:4      | Reached skill level 1 in Maces & Flails
   313 | D:4      | Reached skill level 1 in Polearms
   313 | D:4      | Reached skill level 1 in Staves
   313 | D:4      | Reached skill level 1 in Slings
   313 | D:4      | Reached skill level 1 in Bows
   313 | D:4      | Reached skill level 1 in Crossbows
   313 | D:4      | Reached skill level 1 in Throwing
   313 | D:4      | Reached skill level 1 in Stealth
   313 | D:4      | Reached skill level 1 in Shields
   313 | D:4      | Reached skill level 1 in Unarmed Combat
   313 | D:4      | Reached skill level 1 in Evocations
   315 | D:4      | Reached XP level 4. HP: 23/38 MP: 1/11
   316 | D:4      | Noticed an ogre
   317 | D:4      | Slain by an ogre

Skill      XL: |  1  2  3 |
---------------+----------+-----
Spellcasting   | 5 |  5.0
Invocations    | 1 |  1.1
Short Blades   | 1 |  1.0
Long Blades    | 1 |  1.0
Maces & Flails | 1 |  1.0
Polearms       | 1 |  1.0
Staves         | 1 |  1.0
Slings         | 1 |  1.0
Bows           | 1 |  1.0
Crossbows      | 1 |  1.0
Throwing       | 1 |  1.0
Stealth        | 1 |  1.0
Shields        | 1 |  1.0
Unarmed Combat | 1 |  1.0
Evocations     | 1 |  1.0
Fighting       | |  4.6
Axes           | |  4.6
Armour         | |  2.7
Dodging        | |  4.6
Conjurations   | |  0.7
Hexes          | |  0.7
Charms         | |  5.4
Summonings     | |  0.7
Necromancy     | |  0.7
Translocations | |  0.7
Transmutations | |  0.7
Fire Magic     | |  0.7
Ice Magic      | |  0.7
Air Magic      | |  0.7
Earth Magic    | |  0.7
Poison Magic   | |  0.7

Action                   |  1- 3 |  4- 6 || total
-------------------------+-------+-------++-------
Melee: Hand axe          |    67 |     1 ||    68
       Bite              |     5 |       ||     5
Throw: Tomahawk          |     2 |       ||     2
 Cast: Infusion          |     5 |       ||     5
       Spectral Weapon   |     1 |       ||     1
Armor: Leather armour    |    11 |       ||    11
Dodge: Dodged            |    37 |       ||    37

Table legend:
 A = Turns spent in this place as a percentage of turns spent in the entire game.
 B = Non-inter-level travel turns spent in this place as a percentage of non-inter-level travel turns spent in the entire game.
 C = Inter-level travel turns spent in this place as a percentage of turns spent in this place.
 D = Turns resting spent in this place as a percentage of non-inter-level travel turns spent in this place.
 E = Turns spent auto-exploring this place as a percentage of non-inter-level travel turns spent in this place.
 F = Non-inter-level travel turns spent in this place divided by the number of levels of this place that you've seen.
                   A       B       C       D       E      F
               +-------+-------+-------+-------+-------+----------------------
         Total | 100.0 | 100.0 |   0.0 |   0.0 |   0.0 |  79.2
       Dungeon | 100.0 | 100.0 |   0.0 |   0.0 |   0.0 |  79.2
               +-------+-------+-------+-------+-------+----------------------

Table legend:
 A = Kills in this place as a percentage of kills in entire the game.
 B = Kills by you in this place as a percentage of kills by you in the entire game.
 C = Kills by friends in this place as a percentage of kills by friends in the entire game.
 D = Other kills in this place as a percentage of other kills in the entire game.
 E = Experience gained in this place as a percentage of experience gained in the entire game.
 F = Experience gained in this place divided by the number of levels of this place that you have seen.
                   A       B       C       D       E      F
               +-------+-------+-------+-------+-------+----------------------
         Total | 100.0 | 100.0 |   N/A |   N/A | 100.0 |  22.5
       Dungeon | 100.0 | 100.0 |   N/A |   N/A | 100.0 |  22.5
               +-------+-------+-------+-------+-------+----------------------

Vault maps used:
D:1:      shiori_arrival_oz, hangedman_decor_riveting, minivault_25
D:2:      st_stairs_1
D:3:      lemuel_another_geyser, uniq_robin
D:4:      lemuel_temple_firewalk_b, uniq_duvessa
